 Dungeon Crawl Stone Soup version 0.28.0-45-g0d030f2227 (webtiles) character file.

Game seed: 2132244172874763543

56 zeratav the Insei (level 3, -4/24 HPs)
             Began as an Octopode Transmuter on Apr 8, 2022.
             Slain by a gnoll
             ... wielding a +0 spear
              (6 damage)
             ... on level 2 of the Dungeon.
             The game lasted 00:01:58 (1675 turns).

zeratav the Insei (Octopode Transmuter)             Turns: 1675, Time: 00:01:58

Health: -4/24      AC:  1    Str:  9    XL:     3   Next: 95%
Magic:  6/6        EV: 13    Int: 15    God:
Gold:   87         SH:  0    Dex: 14    Spells: 5/6 levels left

rFire   . . .      SeeInvis .   g - +2 dagger (holy) {short}
rCold   . . .      Faith    .   (no shield)
rNeg    . . .      Spirit   .   (helmet restricted)
rPois   .          Reflect  .   (no amulet)
rElec   .          Harm     .   (no ring)
rCorr   .          Rampage  .   (no ring)
Will    .....                   (no ring)
Stlth   +++.......              (no ring)
HPRegen 0.08/turn               (no ring)
MPRegen 0.10/turn               (no ring)
                                (no ring)
                                (no ring)

@: no status effects
A: almost no armour, amphibious, 8 rings, camouflage 1, gelatinous body 1,
(nimble swimmer 1), tentacles
a: no special abilities


You were on level 2 of the Dungeon.
You visited 1 branch of the dungeon, and saw 2 of its levels.

You collected 87 gold pieces.


Innate Abilities, Weirdness & Mutations

You cannot wear most types of armour.
You are amphibious.
You can wear up to eight rings at the same time.
Your skin changes colour to match your surroundings (Stealth+).
Your rubbery body absorbs attacks. (AC +1, EV +1)
((You are camouflaged when in or above water. (Stealth+)))
You have tentacles for arms and can constrict up to eight enemies at once.


   Skills:
 + Level 1.8 Fighting
 + Level 2.5 Dodging
 + Level 1.9 Stealth
 * Level 3.7 Unarmed Combat
 - Level 2.0 Spellcasting
 - Level 2.0 Transmutations


You had 5 spell levels left.
You knew the following spells:

 Your Spells              Type           Power      Damage    Failure   Level
a - Beastly Appendage     Tmut           14%        N/A       10%         1

Your spell library contained the following spells:

 Spells                   Type           Power      Damage    Failure   Level
 Wereblood                Tmut           7%         N/A       14%         2
 Spider Form              Tmut/Pois      4%         N/A       41%         3
 Ice Form                 Ice/Tmut       4%         N/A       82%         4

Inventory:

Hand Weapons
 g - a +2 dagger of holy wrath (weapon) {short}
   (You took it off a goblin on level 1 of the Dungeon)
Scrolls
 a - 2 scrolls of noise {unknown}
 b - 3 scrolls of identify {unknown}
 d - a scroll of blinking {unknown}
 f - a scroll of torment {unknown}
 j - a scroll of acquirement {unknown}
 k - a scroll of teleportation {unknown}
Potions
 c - a potion of curing {unknown}
 e - a potion of haste {unknown}
 h - 2 potions of lignification {unknown}
 i - a potion of heal wounds {unknown}

Dungeon Overview and Level Annotations

Branches:
Dungeon (2/15)

Altars:

......#..####.†..####..#.
#.....#.#.#.####..# ....
#.....#...#..#.#### ..######
##....#.#...#...#.####>.....#
...#..)†..#...#.............+
.#.#..#.#...#...#.####......#
.#.#..#...#..#.####..<......#
#....#.#.#.####............#
#....#.)####...@...........##
.#.##.####......[.............
... #..#..........g...........
... .... ......####††.........
...###...####.### ##.#....###+
.#..............## #...####
..... ######.##..# #.g.##.#
#...######..)###.###.#g...#
....g..##g.###.......#.##.#


You could see 2 gnolls and a goblin.


Message History

The helpless frilled lizard fails to defend itself.
You puncture the frilled lizard!
You kill the frilled lizard!
HP[+1]
You now have 24 max hp (+1).
Your hp is fully restored (24).
You hit the worm but do no damage. You grab the worm.
You pierce the worm, but do no damage.
You constrict the worm.
The bat hits you but does no damage. x2; The worm closely misses you.
You hit the worm.
You pierce the worm.
You squeeze the worm! You constrict the worm.
The bat hits you but does no damage. The bat barely misses you.
MP[+1]
Your mp is fully restored (6).
You hit the worm. You constrict the worm.
You kill the worm!
The bat hits you. The bat closely misses you. The bat misses you.
The bat closely misses you.
HP[-1]
You take 1 damage, and now have 23/24 hp.
The bat completely misses you. The bat barely misses you.
You hit the bat. You grab the bat.
You pierce the bat.
You kill the bat!
No target in view!
No target in view!
No target in view!
No target in view!
No target in view!
Your tentacle spike disappears.
You see here a worm corpse.
a - 2 scrolls labelled YSODIE XUETU (gained 1)
Found a stone staircase leading up.
HP[+1]
Your hp is fully restored (24).
Found a stone staircase leading down.
A ball python comes into view.
A ball python is nearby!
One of your tentacles grows a vicious spike.
Your transformation is almost over.
MP[-1]
You lost 1 mp, and now have 5/6 mp.
You see here a scroll labelled YMUBIU RAFI.
A gnoll comes into view. It is wielding a +0 spear.
The gnoll shouts!
The ball python hisses angrily.
You hear a shout!
The ball python misses you. x2
You hit the ball python.
You kill the ball python! 2 gnolls come into view.
A goblin comes into view. It is wielding a +0 dagger.
The gnoll moves out of view. x2
The gnoll shouts!
The gnoll barely misses you.
The gnoll shouts!
You hit the gnoll. Your grab misses the gnoll. You squeeze the gnoll!
You hear a shout!
The gnoll hits you with a +0 spear!
A gnoll comes into view. It is wielding a +0 flail.
HP[-10]
You take 10 damage, and now have 14/24 hp.
MASSIVE DAMAGE!! (PAUSE)
There are monsters nearby!
Your tentacle spike disappears.
The gnoll closely misses you.
MP[+1]
Your mp is fully restored (6).
HP[+1]
The gnoll hits you from afar with a +0 spear.
HP[-1]
You take 1 damage, and now have 14/24 hp.
You see here a scroll labelled YMUBIU RAFI.
k - a scroll labelled YMUBIU RAFI HP[+1]
The gnoll completely misses you. The gnoll barely misses you.
The gnoll misses you.
You hit the gnoll. You grab the gnoll. You tentacle-slap the gnoll.
You kill the gnoll!
The gnoll hits you from afar with a +0 spear.
HP[-1]
You take 1 damage, and now have 14/24 hp.
The gnoll hits you with a +0 spear.
* * * LOW HITPOINT WARNING * * *
Things that are here:
a +0 spear {polearm}; a gnoll corpse; HP[-4]
You take 4 damage, and now have 10/24 hp.
The gnoll barely misses you.
HP[+1]
The gnoll hits you from afar with a +0 spear.
* * * LOW HITPOINT WARNING * * *
HP[-3]
You take 3 damage, and now have 8/24 hp.
HP[+1]
The gnoll hits you from afar with a +0 spear!
* * * LOW HITPOINT WARNING * * *
There is a stone staircase leading up, spattered with blood here.
HP[-7]
You take 7 damage, and now have 2/24 hp.
MASSIVE DAMAGE!! (PAUSE)
The gnoll hits you from afar with a +0 spear.
You die...

Skill      XL: |  1  2 |
---------------+-------+-----
Stealth        | 1 |  1.9
Fighting       | |  1.8
Dodging        | |  2.5
Unarmed Combat | |  3.7
Spellcasting   | |  2.0
Transmutations | |  2.0

Action                   || total
-------------------------++-------
Melee: Unarmed           ||    39
       Kick              ||    23
       Constrict         ||    19
       Tentacles         ||    12
       Punch             ||     3
       Dagger            ||    17
 Cast: Beastly Appendage ||    24
 Stab: Sleeping          ||     9
Armor: Skin              ||     6
Dodge: Dodged            ||    37

Levels and vault maps discovered:
D:1:      erik_arrival_orb_chamber, layout_basic
D:2:      minmay_spotlight, layout_rooms, shapermc_ecumenical_altar_flowoftime,
          kennysheep_generic_room_11

Notes
Turn   | Place    | Note
-------+----------+-------------------------------------------
     0 | D:1      | zeratav the Octopode Transmuter began the quest for the
                  | Orb.
     0 | D:1      | Reached XP level 1. HP: 13/13 MP: 3/3
     0 | D:1      | magus.rc [v1.9.6]
   167 | D:1      | Reached XP level 2. HP: 12/18 MP: 3/5
   458 | D:1      | Reached skill level 1 in Stealth
   685 | D:1      | Reached XP level 3. HP: 23/23 MP: 4/6
  1674 | D:2      | HP: 2/24 [gnoll/+0 spear (7)]
  1675 | D:2      | Slain by a gnoll

Vanquished Creatures
  2 gnolls
  2 worms (D:2)
  A dart slug (D:1)
  4 bats
  3 endoplasms
  A giant cockroach (D:2)
  A goblin (D:1)
  2 hobgoblins (D:1)
  5 ball pythons
  3 frilled lizards
  4 kobolds
  3 rats (D:1)
31 creatures vanquished.

Table legend:
 A = Non-vault XP
 B = Vault XP
 C = Vault XP percentage of total XP
 D = Non-vault monster count
 E = Vault monster count
 F = Vault count percentage of total count
                 A         B        C        D         E       F
            +---------+---------+-------+---------+---------+-------
      Total |      77 |       3 |   3.8 |      29 |       2 |   6.5
            +---------+---------+-------+---------+---------+-------
        D:1 |      44 |       0 |   0.0 |      20 |       0 |   0.0
        D:2 |      33 |       3 |   8.3 |       9 |       2 |  18.2
            +---------+---------+-------+---------+---------+-------

Illustrated notes

Table legend:
 A = Kills in this place as a percentage of kills in entire the game.
 B = Kills by you in this place as a percentage of kills by you in the entire game.
 C = Kills by friends in this place as a percentage of kills by friends in the entire game.
 D = Other kills in this place as a percentage of other kills in the entire game.
 E = Experience gained in this place as a percentage of experience gained in the entire game.
 F = Experience gained in this place divided by the number of levels of this place that you have seen.
                   A       B       C       D       E      F
               +-------+-------+-------+-------+-------+----------------------
         Total | 100.0 | 100.0 |   N/A |   N/A | 100.0 |  40.0
       Dungeon | 100.0 | 100.0 |   N/A |   N/A | 100.0 |  40.0
               +-------+-------+-------+-------+-------+----------------------

Table legend: (Time is in decaauts)
 A = Elapsed time spent in this place.
 B = Non-inter-level travel time spent in this place.
 C = Inter-level travel time spent in this place.
 D = Time resting spent in this place.
 E = Time spent auto-exploring this place.
 F = Levels seen in this place.
 G = Mean time per level.
                   A        B        C        D        E       F      G
               +--------+--------+--------+--------+--------+-----+--------+
         Total |   1671 |   1581 |     90 |      0 |   1343 |   2 |  835.5 |
       Dungeon |   1671 |   1581 |     90 |      0 |   1343 |   2 |  835.5 |
               +--------+--------+--------+--------+--------+-----+--------+

Top non-repeatable levels by time:
     D:1: 1423 daAuts
     D:2: 247 daAuts
